Map: [ESL] Oceanborn

Players

ForJumy

  • Race: Protoss Protoss
  • Spawn Location: 5:00

Gerald - Winner!

  • Race: Protoss Protoss
  • Spawn Location: 11:00

Event: ESL SC2 Masters 2024 Spring (Regional)

VOD

Have the link to the VOD?

Description

Time

  • Played on: April 17, 2024, 2:48 p.m.
  • Length: 10:30

All games in this series

Show
View Real Time Build Order
Export as new Build Order

ForJumy Protoss 

Build Orders: Dark Templar Rush 

Get SALT Encoding   

  12  0:02  Probe  
  13  0:14  Probe  
  13  0:17  Pylon  
  14  0:26  Probe (Chrono Boost)  
  15  0:36  Gateway  
  15  0:38  Probe (Chrono Boost)  
  16  0:47  Probe (Chrono Boost), Assimilator  
  17  0:53  Probe  
  17  0:55  Assimilator  
  18  1:05  Probe (Chrono Boost)  
  18  1:09  Gateway  
  19  1:14  Probe (Chrono Boost)  
  20  1:19  Probe (Chrono Boost)  
  21  1:26  Cybernetics Core  
  21  1:31  Probe  
  22  1:34  Pylon  
  22  1:43  Probe  
  23  1:55  Probe  
  24  2:01  Warp Gate (Chrono Boost)  
  24  2:02  Stalker, Sentry  
  24  2:07  Probe  
  29  2:10  Pylon  
  29  2:21  Probe  
  32  2:32  Stalker, Adept  
  32  2:36  Probe  
  35  2:54  Probe  
  36  3:02  Nexus, Adept  
  38  3:08  Pylon  
  37  3:19  Twilight Council  
  37  3:23  Probe  
  38  3:35  Probe  
  38  3:38  Shield Battery  
  39  3:44  Stalker x2  
  41  3:49  Probe  
  42  3:57  Dark Shrine  
  42  4:01  Probe  
  43  4:06  Blink (Chrono Boost)  
  43  4:14  Probe (Chrono Boost)  
  43  4:15  Probe (Chrono Boost)  
  45  4:18  Stalker  
  45  4:24  Probe x2 (Chrono Boost)  
  49  4:28  Probe (Chrono Boost)  
  49  4:29  Probe (Chrono Boost)  
  51  4:31  Stalker  
  51  4:40  Pylon  
  51  4:41  Probe (Chrono Boost)  
  51  4:44  Probe (Chrono Boost)  
  51  4:45  Stalker  
  55  4:52  Probe (Chrono Boost)  
  57  4:55  Probe (Chrono Boost)  
  57  4:57  Probe (Chrono Boost)  
  56  5:08  Nexus  
  56  5:13  Dark Templar x2  
  56  5:14  Probe  
  57  5:21  Gateway, Probe  
  57  5:25  Gateway  
  57  5:27  Probe  
  59  5:31  Assimilator  
  59  5:38  Probe  
  59  5:42  Probe  
  61  5:47  Stalker x2  
  65  5:50  Probe  
  65  5:54  Probe  
  63  6:02  Probe  
  62  6:05  Pylon, Forge  
  62  6:06  Probe  
  62  6:07  Robotics Facility  
  62  6:11  Stalker x2  
  67  6:14  Probe (Chrono Boost)  
  69  6:19  Charge  
  69  6:21  Probe (Chrono Boost)  
  69  6:23  Probe (Chrono Boost)  
  71  6:26  Probe (Chrono Boost)  
  71  6:27  Pylon  
  72  6:35  Stalker x2  
  71  6:40  Probe, Shield Battery  
  71  6:42  Stalker  
  71  6:46  Zealot  
  76  6:48  Probe  
  76  6:51  Probe, Nexus  
  76  6:52  Probe, Protoss Ground Weapons Level 1 (Chrono Boost)  
  73  7:00  Probe  
  74  7:03  Gateway x2  
  74  7:06  Gateway  
  74  7:07  Gateway  
  74  7:09  Probe  
  74  7:12  Stalker  
  74  7:15  Observer  
  77  7:18  Stalker  
  77  7:20  Assimilator  
  80  7:23  Pylon  
  80  7:27  Gateway  
  78  7:31  Stalker  
  78  7:33  Stalker  
  78  7:36  Gateway, Stalker  
  84  7:42  Shield Battery  
  82  7:44  Zealot  
  82  7:45  Probe  
  82  7:49  Probe  
  72  7:52  Probe (Chrono Boost)  
  72  7:56  Warp Prism  
  73  8:01  Probe x2 (Chrono Boost)  
  73  8:03  Dark Templar  
  73  8:04  Dark Templar  
  79  8:09  Probe (Chrono Boost)  
  79  8:10  Probe (Chrono Boost)  
  79  8:12  Probe (Chrono Boost)  
  81  8:13  Dark Templar  
  81  8:15  Probe  
  81  8:16  Nexus  
  81  8:18  Zealot  
  86  8:20  Pylon  
  86  8:24  Dark Templar  
  86  8:25  Zealot  
  90  8:30  Zealot  
  90  8:33  Pylon  
  92  8:38  Stalker x2  
  96  8:45  Zealot x2  
  96  8:47  Probe  
  101  8:49  Pylon x2  
  102  8:55  Probe  
  102  8:58  Pylon  
  102  9:10  Stalker x5  
  102  9:14  Zealot  
  102  9:16  Zealot  
  103  9:25  Zealot x2  
  58  9:39  Dark Templar x2  
  58  9:44  Pylon  
  37  9:59  Stalker x2  
  38  10:02  Stalker x2  
  36  10:12  Probe  
  35  10:15  Stalker x2  
  35  10:16  Probe  
  35  10:17  Zealot x2  
Show
View Real Time Build Order
Export as new Build Order

Gerald Protoss - Winner!

Build Orders:  

Get SALT Encoding   

  12  0:00  Probe  
  13  0:12  Probe  
  14  0:17  Pylon  
  14  0:24  Probe (Chrono Boost)  
  16  0:37  Gateway, Probe (Chrono Boost)  
  16  0:42  Probe (Chrono Boost)  
  16  0:45  Assimilator  
  17  0:52  Probe (Chrono Boost)  
  18  0:57  Assimilator  
  18  1:04  Probe (Chrono Boost)  
  18  1:08  Gateway  
  19  1:13  Probe (Chrono Boost)  
  20  1:18  Probe  
  20  1:24  Cybernetics Core  
  21  1:30  Probe  
  22  1:33  Pylon  
  22  1:42  Probe  
  23  1:55  Probe  
  23  2:01  Stalker x2, Warp Gate  
  28  2:07  Probe  
  29  2:08  Pylon  
  29  2:19  Pylon, Probe  
  30  2:31  Probe  
  30  2:36  Adept x2  
  35  2:43  Probe  
  37  3:03  Nexus  
  36  3:11  Pylon  
  36  3:18  Probe  
  37  3:26  Twilight Council  
  36  3:30  Probe, Shield Battery  
  37  3:39  Shield Battery  
  37  3:51  Probe  
  37  3:54  Stalker x2  
  42  4:03  Blink (Chrono Boost), Probe  
  42  4:04  Shield Battery  
  41  4:13  Robotics Facility  
  41  4:18  Probe x2  
  43  4:25  Sentry  
  43  4:26  Sentry  
  43  4:30  Probe  
  48  4:36  Probe  
  49  4:42  Probe  
  49  4:45  Gateway  
  50  4:48  Probe  
  50  4:51  Stalker  
  51  4:54  Probe  
  51  4:57  Stalker  
  52  5:00  Observer (Chrono Boost), Probe  
  52  5:06  Probe  
  53  5:12  Probe  
  54  5:16  Observer  
  54  5:19  Gateway  
  54  5:20  Stalker  
  58  5:21  Stalker  
  58  5:23  Pylon  
  59  5:37  Gateway  
  59  5:38  Probe  
  59  5:40  Nexus  
  60  5:47  Stalker x2  
  63  5:54  Pylon  
  63  6:00  Probe  
  64  6:06  Pylon, Forge  
  64  6:07  Observer  
  65  6:12  Stalker x2  
  65  6:14  Pylon  
  65  6:15  Probe, Assimilator  
  70  6:22  Observer  
  70  6:24  Probe  
  71  6:28  Probe  
  71  6:30  Gateway  
  71  6:31  Gateway  
  72  6:36  Probe  
  71  6:41  Stalker  
  71  6:42  Stalker x2  
  71  6:45  Probe  
  78  6:56  Probe  
  78  6:57  Probe  
  78  7:00  Probe  
  85  7:02  Stalker  
  85  7:05  Protoss Ground Weapons Level 1  
  85  7:07  Adept x2  
  91  7:13  Probe (Chrono Boost)  
  90  7:18  Probe (Chrono Boost)  
  90  7:20  Probe (Chrono Boost)  
  90  7:22  Gateway x2, Probe (Chrono Boost)  
  91  7:26  Gateway x2, Probe (Chrono Boost)  
  91  7:27  Probe x2 (Chrono Boost)  
  92  7:40  Immortal (Chrono Boost)  
  92  7:51  Stalker x5  
  95  8:03  Charge (Chrono Boost)  
  95  8:04  Nexus  
  95  8:05  Pylon  
  95  8:08  Warp Prism (Chrono Boost)  
  97  8:15  Probe x2  
  97  8:17  Pylon  
  97  8:18  Pylon  
  99  8:20  Zealot  
  99  8:24  Pylon  
  99  8:26  Pylon  
  101  8:35  Photon Cannon, Zealot x3  
  101  8:36  Zealot  
  109  8:45  Zealot x3  
  109  8:46  Observer  
  116  9:06  Stalker  
  116  9:07  Stalker x5  
  128  9:13  Observer (Chrono Boost)  
  128  9:15  Zealot x4  
  131  9:21  Observer  
  107  9:32  Zealot x5  
  107  9:36  Photon Cannon  
  109  9:40  Zealot  
  105  9:48  Zealot x2  
  99  10:00  Stalker x2  
Tags
 
Add a new tag
Caveats
  • Supply blocks, unpowered buildings, or Contaminate may cause inaccurate times.
  • Supply counts are checked every 10 seconds.